 Dungeon Crawl Stone Soup version 0.31.0-11-ge490571c62 (webtiles) character file.

Game seed: 12079758306528626985

8648 qw the Markself (level 11, -1/64 HPs)
             Began as a Deep Elf Hunter on Feb 3, 2024.
             Was a Priest of Okawaru.
             Slain by an orc warrior
             ... wielding a +0 trident
              (4 damage)
             ... on level 10 of the Dungeon.
             The game lasted 00:00:44 (8371 turns).

qw the Markself (Deep Elf Hunter)                   Turns: 8371, Time: 00:00:44

Health: -1/64      AC: 17    Str: 13    XL:     11   Next: 12%
Magic:  15/16      EV: 20    Int: 15    God:    Okawaru [***...]
Gold:   546        SH:  0    Dex: 20    Spells: 10/10 levels left

rFire   . . .        j - +7 orcbow of Fakunk {heavy, ^Drain rN+ Str+3 Stlth+}
rCold   . . .        (shield currently unavailable)
rNeg    + . .        b - +0 ring mail
rPois   +            p - +1 helmet
rElec   .            f - +2 cloak
rCorr   .            i - +2 pair of gloves
SInv    .            o - +0 pair of boots
Will    ++...        (no amulet)
Stlth   ++++         k - ring of willpower
HPRegen 0.30/turn    q - ring of poison resistance
MPRegen 0.15/turn

%: clarity
@: about to teleport, heroic, hasted, very quick
A: talons 1, clarity, sense surroundings 1
a: Renounce Religion, Heroism


You were on level 10 of the Dungeon.
You worshipped Okawaru.
Okawaru was most pleased with you.
You visited 2 branches of the dungeon, and saw 11 of its levels.

You collected 705 gold pieces.
You spent 159 gold pieces at shops.


Innate Abilities, Weirdness & Mutations

You have sharp toenails.
You possess an exceptional clarity of mind.
You passively map a small area around you.


   Skills:
 + Level 6.1(11.1) Fighting
 - Level 16.2(21.2) Ranged Weapons
 - Level 4.0(9.0) Armour
 - Level 10.0(15.0) Dodging
 - Level 1.2(6.2) Stealth
 - Level 4.0 Invocations


You had 10 spell levels left.
You didn't know any spells.
Your spell library was empty.

Inventory:

Hand Weapons
 j - the +7 orcbow of Fakunk (weapon) {heavy, ^Drain rN+ Str+3 Stlth+}
   (You found it on level 7 of the Dungeon)

   Str+3:     It affects your strength (+3).
   rN+:       It protects you from negative energy.
   ^Drain:    It drains your maximum health when unequipped.
   Stlth+:    It makes you more stealthy.
Armour
 b - a +0 ring mail (worn)
 f - a +2 cloak (worn)
 i - a +2 pair of gloves (worn)
 o - a +0 pair of boots (worn)
 p - a +1 helmet (worn)
Jewellery
 e - an amulet of guardian spirit
 k - a ring of willpower (left hand)
 q - a ring of poison resistance (right hand)
Wands
 m - a wand of paralysis (6)
Scrolls
 h - a scroll of teleportation
Potions
 a - a potion of enlightenment
 c - a potion of might
 d - a potion of haste
 g - 3 potions of curing
 l - a potion of resistance {unknown}
 n - 3 potions of mutation

Dungeon Overview and Level Annotations

Branches:
Dungeon (10/15)            Temple (1/1) D:7            Lair (0/5) D:10
    Orc (0/2) D:9

Altars:
Ashenzari
Cheibriados
Dithmenos
Fedhas
Gozag
Hepliaklqana
Kikubaaqudgha
Nemelex Xobeh
Okawaru
Qazlal
Ru
Sif Muna
Trog
Uskayaw
Vehumet
Wu Jian
Xom
Yredelemnul
Zin
The Shining One

Shops:
D:2 ***![   D:5 (   D:10 (

Annotations:
D:3 1 runed translucent door, qw's ghost, amateur DEHu
D:7 1 runed translucent door, qw's ghost, novice GrHu


Message History

You feel sick.
You are no longer poisoned.
The orc warrior hits you but does no damage.
The two-headed ogre closely misses you. The two-headed ogre barely misses you.
You shoot an arrow. The arrow hits the two-headed ogre!
The two-headed ogre is moderately wounded.
You hear an angry buzzing noise.
The orc warrior hits you but does no damage.
The two-headed ogre hits you with a +0 giant club!
The two-headed ogre hits you with a +0 dire flail.
You hear a shout!
You shoot an arrow. The arrow hits the two-headed ogre!!
The two-headed ogre is almost dead.
The orc warrior hits you but does no damage.
You shoot an arrow. The arrow hits the two-headed ogre.
The two-headed ogre is almost dead.
The orc warrior closely misses you.
The two-headed ogre hits you with a +0 giant club!
The two-headed ogre completely misses you.
8367 ||| READING 2 scrolls of teleportation.
As you read the scroll of teleportation, it crumbles to dust.
You feel strangely unstable. The killer bee closely misses you.
You shoot an arrow. The arrow hits the two-headed ogre!
You kill the two-headed ogre!
Okawaru accepts your kill.
The killer bee stings you but does no damage.
The orc warrior completely misses you.
Your base Armour skill increases to level 4!
You shoot an arrow. The arrow barely misses the killer bee.
The killer bee misses you. The killer bee barely misses you.
The orc warrior hits you but does no damage.
You shoot an arrow.
The arrow closely misses the killer bee.
The killer bee barely misses you.
You shoot an arrow. The arrow hits the killer bee!
You kill the killer bee!
Okawaru accepts your kill.
The orc warrior hits you from afar with a +0 trident.
You die...

#.....#....####..##>........
##...........#..............
#.......#.................>
#........#.................
#...#......##..............
#...#...)..#.......<.......
##.####....o###........\...
###......#)o##..o.).....o.
#.##.##@##.O.#..).......
##.#.##.7.##.............
#...####.####))#.........
#...#.#.###.#..#.........
#..#.}.###.}.#...........
#...#.###.#.#..###.....#.
#.. ##.#.#.#..##,#....##. ##
##.}.###............ ,
##.#.#.............


You could see an orc warrior and an orc.

Vanquished Creatures
  A two-headed ogre (D:10)
  A deep elf pyromancer (D:7)
  Maurice (D:9)
  A cyclops (D:9)
  6 gargoyles (D:7)
  Sigmund (D:5)
  5 yaks (D:6)
  2 wyverns
  3 steam dragons
  A water moccasin (D:7)
  3 ice beasts
  4 sky beasts
  2 black bears
  2 orc warriors
  An ogre (D:5)
  A centaur (D:7)
  A phantom (D:5)
  5 kobold brigands
  A gnoll sergeant (D:9)
  Blork the orc (D:5)
  2 bullfrogs
  4 scorpions
  9 wights
  4 killer bees (D:10)
  2 howler monkeys
  5 hounds
  5 orc priests
  A jelly (D:6)
  2 iguanas
  Natasha (D:2)
  A gnoll bouda (D:8)
  2 orc wizards
  A sleepcap (D:5)
  11 adders
  9 gnolls
  3 white imps
  A ribbon worm (D:5)
  21 orcs
  3 bats
  6 endoplasms
  6 giant cockroaches
  6 goblins
  6 hobgoblins
  5 jackals
  2 quokkas
  9 ball pythons
  27 kobolds
197 creatures vanquished.

Notes
Turn   | Place    | Note
-------+----------+-------------------------------------------
     0 | D:1      | qw the Deep Elf Hunter began the quest for the Orb.
     0 | D:1      | Reached XP level 1. HP: 12/12 MP: 3/3
     0 | D:1      | 0 ||| qw: Version: 0.3-a-158-g18b3111
     0 | D:1      | 0 ||| qw: Game counter: 4051
     0 | D:1      | 0 ||| qw: Melee chars always use a shield: true
     0 | D:1      | 0 ||| qw: God list: Okawaru
     0 | D:1      | 0 ||| qw: Allow faded altars: false
     0 | D:1      | 0 ||| qw: Do Orc after clearing Dungeon:15 true
     0 | D:1      | 0 ||| qw: Do second Lair branch before Depths: true
     0 | D:1      | 0 ||| qw: Lair rune preference: random
     0 | D:1      | 0 ||| qw: Goals: Normal
     0 | D:1      | 0 ||| PLANNING D:1-11
   440 | D:1      | Reached skill level 6 in Ranged Weapons
   440 | D:1      | Reached XP level 2. HP: 16/16 MP: 4/4
   729 | D:1      | 729 ||| UPGRADING to +0 cloak.
   734 | D:1      | 734 ||| UPGRADING to +2 pair of gloves.
   739 | D:1      | 739 ||| UPGRADING to amulet of guardian spirit.
   744 | D:1      | 744 ||| READING 4 scrolls labelled SEAWOZ ULICAD.
   744 | D:1      | 744 ||| IDENTIFYING scroll labelled SIEBLI KARI
   745 | D:1      | 745 ||| READING 3 scrolls of identify.
   745 | D:1      | 745 ||| IDENTIFYING scroll labelled LYNWEIM QUNUCALIS
   746 | D:1      | 746 ||| READING 2 scrolls of identify.
   746 | D:1      | 746 ||| IDENTIFYING scroll labelled CEH TUFUWN
   747 | D:1      | 747 ||| DROPPING scroll of butterflies.
   748 | D:1      | 748 ||| DROPPING scroll of fog.
   749 | D:1      | 749 ||| DROPPING scroll of vulnerability.
   750 | D:1      | 750 ||| DROPPING scroll of torment.
   807 | D:2      | Found Memeu's Assorted Antiques.
   811 | D:2      | 811 ||| SHOPLISTING brooch of Shielding {Spirit SH+8} (1885
                  | gold, have 103).
   811 | D:2      | 811 ||| BUYING fizzy pink potion (26 gold).
   811 | D:2      | Bought a fizzy pink potion for 26 gold pieces
   811 | D:2      | 811 ||| BUYING green potion (26 gold).
   811 | D:2      | Bought a green potion for 26 gold pieces
   811 | D:2      | 811 ||| BUYING scroll labelled HESHORODEA (29 gold).
   811 | D:2      | Bought a scroll labelled HESHORODEA for 29 gold pieces
   834 | D:2      | Found Kega Bepn's General Store.
   840 | D:2      | 840 ||| SHOPLISTING +0 ring mail (52 gold, have 22).
   840 | D:2      | 840 ||| SHOPLISTING potion of cancellation (104 gold, have
                  | 22).
   840 | D:2      | 840 ||| SHOPLISTING scroll of enchant armour (97 gold, have
                  | 22).
   851 | D:2      | Found Xeubikh's Distillery.
   857 | D:2      | 857 ||| SHOPLISTING 2 potions of enlightenment (130 gold,
                  | have 22).
   857 | D:2      | 857 ||| SHOPLISTING 2 potions of heal wounds (130 gold,
                  | have 22).
   857 | D:2      | 857 ||| SHOPLISTING potion of haste (130 gold, have 22).
   857 | D:2      | 857 ||| SHOPLISTING potion of might (52 gold, have 22).
   857 | D:2      | 857 ||| SHOPLISTING potion of mutation (104 gold, have 22).
   934 | D:2      | Reached XP level 3. HP: 20/20 MP: 5/5
   938 | D:2      | Found Tigocs's Armour Shop.
   945 | D:2      | 945 ||| SHOPLISTING +0 pair of boots (49 gold, have 22).
   945 | D:2      | 945 ||| SHOPLISTING +0 scale mail (44 gold, have 22).
   945 | D:2      | 945 ||| SHOPLISTING +1 leather armour of cold resistance
                  | (154 gold, have 22).
  1012 | D:2      | Found Netoddygg's Assorted Antiques.
  1020 | D:2      | 1020 ||| SHOPLISTING 2 green potions (41 gold, have 22).
  1020 | D:2      | 1020 ||| BUYING bubbling red potion (20 gold).
  1020 | D:2      | Bought a bubbling red potion for 20 gold pieces
  1020 | D:2      | 1020 ||| SHOPLISTING glowing helmet (172 gold, have 2).
  1020 | D:2      | 1020 ||| SHOPLISTING runed agate ring (115 gold, have 2).
  1020 | D:2      | 1020 ||| SHOPLISTING shiny scale mail (161 gold, have 2).
  1312 | D:2      | Noticed Natasha
  1319 | D:2      | Killed Natasha
  1320 | D:2      | Reached skill level 7 in Ranged Weapons
  1320 | D:2      | Reached XP level 4. HP: 18/25 MP: 3/6
  1601 | D:2      | 1601 ||| UPGRADING to +0 scale mail.
  1611 | D:2      | 1611 ||| DROPPING +0 leather armour.
  1612 | D:2      | 1612 ||| READING 2 scrolls of identify.
  1612 | D:2      | 1612 ||| IDENTIFYING fizzy pink potion
  1613 | D:2      | 1613 ||| READING scroll of identify.
  1613 | D:2      | 1613 ||| IDENTIFYING clear potion
  1614 | D:2      | 1614 ||| READING scroll labelled HESHORODEA.
  1614 | D:2      | 1614 ||| ENCHANTING +0 cloak.
  1615 | D:2      | 1615 ||| DRINKING 2 green potions.
  1616 | D:2      | 1616 ||| DRINKING 2 bubbling brown potions.
  1617 | D:2      | 1617 ||| DROPPING potion of magic.
  1826 | D:3      | Found a runed translucent door.
  1827 | D:3      | Noticed qw's ghost (amateur DEHu)
  2173 | D:3      | Found a faded altar of an unknown god.
  2197 | D:3      | Reached skill level 8 in Ranged Weapons
  2329 | D:3      | 2329 ||| READING scroll labelled PUOTO LULAURPH.
  2332 | D:3      | 2332 ||| FLEEEEING.
  2333 | D:3      | 2333 ||| FLEEEEING.
  2412 | D:4      | Identified the +0 helmet of Tortelloni {rPois MP+9 Dex-5}
  2486 | D:4      | Reached skill level 1 in Armour
  2707 | D:4      | Noticed a black bear
  2708 | D:4      | 2708 ||| DRINKING potion of haste.
  2717 | D:4      | Killed a black bear
  2718 | D:4      | Reached skill level 9 in Ranged Weapons
  2718 | D:4      | Reached XP level 5. HP: 22/29 MP: 4/7
  2957 | D:4      | HP: 7/29 [poisoned by a scorpion]
  2958 | D:4      | 2958 ||| DRINKING potion of heal wounds.
  2960 | D:4      | Reached XP level 6. HP: 24/36 MP: 2/8
  3143 | D:4      | You fall into a shaft and drop 1 floor!
  3143 | D:5      | Entered Level 5 of the Dungeon
  3159 | D:5      | 3159 ||| UPGRADING to +0 helmet of Tortelloni {rPois MP+9
                  | Dex-5}.
  3164 | D:5      | 3164 ||| READING scroll of identify.
  3164 | D:5      | 3164 ||| IDENTIFYING red potion
  3165 | D:5      | 3165 ||| READING scroll labelled CITOESTR TUEM.
  3166 | D:5      | 3166 ||| READING 3 scrolls labelled KOROUHAEMU.
  3167 | D:5      | 3167 ||| DROPPING 2 scrolls of noise.
  3230 | D:4      | 3230 ||| UPGRADING to +0 ring mail.
  3240 | D:4      | 3240 ||| DROPPING +0 scale mail.
  3323 | D:5      | Noticed an ice beast
  3325 | D:5      | 3325 ||| RETREEEEATING.
  3344 | D:5      | Killed an ice beast
  3457 | D:5      | Reached skill level 10 in Ranged Weapons
  3477 | D:5      | 3477 ||| READING scroll of enchant armour.
  3477 | D:5      | 3477 ||| ENCHANTING +1 cloak.
  3495 | D:5      | Found Juotzater's Weapon Boutique.
  3523 | D:5      | 3523 ||| BUYING +0 arbalest (58 gold).
  3523 | D:5      | Bought a +0 arbalest for 58 gold pieces
  3523 | D:5      | 3523 ||| SWAPPING to +0 arbalest.
  3524 | D:5      | 3524 ||| DROPPING +0 shortbow.
  3624 | D:5      | Noticed Sigmund
  3627 | D:5      | Killed Sigmund
  3628 | D:5      | Reached skill level 11 in Ranged Weapons
  3628 | D:5      | Reached XP level 7. HP: 40/40 MP: 9/9
  3643 | D:5      | Noticed Blork the orc
  3649 | D:5      | Killed Blork the orc
  3783 | D:5      | Reached skill level 12 in Ranged Weapons
  3798 | D:5      | Found a basalt altar of Yredelemnul.
  3800 | D:5      | Noticed a profane servitor
  3846 | D:5      | Found a glowing golden altar of the Shining One.
  4220 | D:5      | Noticed an angel
  4222 | D:5      | 4222 ||| READING scroll labelled DUOPSO JISU.
  4222 | D:5      | 4222 ||| ENCHANTING +0 arbalest.
  4223 | D:5      | 4223 ||| DRINKING 2 murky black potions.
  4224 | D:5      | 4224 ||| DRINKING 2 fizzy white potions.
  4225 | D:5      | 4225 ||| DRINKING 2 bubbling puce potions.
  4225 | D:5      | Gained mutation: You passively map a small area around you.
                  | [potion of mutation]
  4225 | D:5      | Gained mutation: You have sharp toenails. [potion of
                  | mutation]
  4225 | D:5      | Gained mutation: You possess an exceptional clarity of
                  | mind. [potion of mutation]
  4226 | D:5      | 4226 ||| DROPPING potion of degeneration.
  4227 | D:5      | 4227 ||| DROPPING potion of brilliance.
  4346 | D:6      | Reached skill level 3 in Fighting
  4346 | D:6      | Reached XP level 8. HP: 38/46 MP: 10/10
  4400 | D:6      | 4400 ||| RETREEEEATING.
  4402 | D:6      | 4402 ||| RETREEEEATING.
  4417 | D:6      | Reached skill level 13 in Ranged Weapons
  4424 | D:6      | HP: 6/46 [yak (7)]
  4425 | D:6      | 4425 ||| READING scroll of teleportation.
  4426 | D:6      | 4426 ||| DRINKING 2 potions of heal wounds.
  4429 | D:6      | Reached skill level 14 in Ranged Weapons
  4617 | D:6      | HP: 7/46 [something (10)]
  4618 | D:6      | Reached XP level 9. HP: 8/51 MP: 3/11
  4618 | D:6      | 4618 ||| Stepping ~*~*~tactically~*~*~ (cloud).
  5331 | D:6      | 5331 ||| UPGRADING to +0 helmet.
  5341 | D:6      | 5341 ||| DROPPING +0 helmet of Tortelloni {rPois MP+9
                  | Dex-5}.
  5342 | D:6      | 5342 ||| READING 2 scrolls of identify.
  5342 | D:6      | 5342 ||| IDENTIFYING sedimented green potion
  5343 | D:6      | 5343 ||| READING scroll of identify.
  5343 | D:6      | 5343 ||| IDENTIFYING bubbling red potion
  5344 | D:6      | 5344 ||| READING scroll labelled FUKEVAUFIA.
  5345 | D:6      | 5345 ||| DROPPING potion of lignification.
  5374 | D:7      | 5374 ||| STAIRDANCE
  5380 | D:7      | 5380 ||| STAIRDANCE
  5396 | D:7      | Noticed a deep elf pyromancer
  5399 | D:7      | 5399 ||| RETREEEEATING.
  5401 | D:7      | 5401 ||| RETREEEEATING.
  5411 | D:7      | HP: 6/51 [fire elemental[a deep elf pyromancer] (11)]
  5412 | D:7      | 5412 ||| READING scroll of teleportation.
  5413 | D:7      | 5413 ||| DRINKING potion of heal wounds.
  5572 | D:7      | Reached skill level 15 in Ranged Weapons
  5610 | D:7      | Found a staircase to the Ecumenical Temple.
  5611 | D:7      | 5611 ||| PLANNING TEMPLE
  5618 | Temple   | Entered the Ecumenical Temple
  5619 | Temple   | 5619 ||| PLANNING OKAWARU WORSHIP
  5628 | Temple   | Became a worshipper of Warmaster Okawaru
  5629 | Temple   | 5629 ||| PLANNING D:1-11
  5629 | Temple   | 5629 ||| REMOVING amulet of guardian spirit.
  5844 | D:7      | Killed a deep elf pyromancer
  5844 | D:7      | Reached * piety under Okawaru
  5870 | D:7      | Reached skill level 1 in Invocations
  5882 | D:7      | Identified the +7 orcbow of Fakunk {heavy, ^Drain rN+ Str+3
                  | Stlth+}
  5884 | D:7      | 5884 ||| SWAPPING to +7 orcbow of Fakunk {heavy, ^Drain rN+
                  | Str+3 Stlth+}.
  5885 | D:7      | 5885 ||| DROPPING +1 arbalest.
  5897 | D:7      | Found a runed translucent door.
  5899 | D:7      | Noticed qw's ghost (novice GrHu)
  6019 | D:7      | Noticed a gargoyle
  6020 | D:7      | 6020 ||| INVOKING Heroism.
  6022 | D:7      | Killed a gargoyle
  6053 | D:7      | Noticed a gargoyle
  6054 | D:7      | 6054 ||| INVOKING Heroism.
  6056 | D:7      | Killed a gargoyle
  6057 | D:7      | Reached skill level 6 in Dodging
  6057 | D:7      | Reached skill level 3 in Invocations
  6117 | D:7      | Noticed a gargoyle
  6118 | D:7      | 6118 ||| INVOKING Heroism.
  6120 | D:7      | Killed a gargoyle
  6121 | D:7      | Reached XP level 10. HP: 59/59 MP: 11/15
  6157 | D:7      | Noticed a gargoyle
  6158 | D:7      | 6158 ||| INVOKING Heroism.
  6159 | D:7      | Killed a gargoyle
  6179 | D:7      | Noticed a gargoyle
  6182 | D:7      | 6182 ||| INVOKING Heroism.
  6183 | D:7      | Killed a gargoyle
  6235 | D:7      | Noticed a gargoyle
  6236 | D:7      | 6236 ||| INVOKING Heroism.
  6239 | D:7      | Killed a gargoyle
  6240 | D:7      | Reached skill level 16 in Ranged Weapons
  6548 | D:7      | 6548 ||| READING 2 scrolls of identify.
  6548 | D:7      | 6548 ||| IDENTIFYING sapphire potion
  6549 | D:7      | 6549 ||| READING scroll of identify.
  6549 | D:7      | 6549 ||| IDENTIFYING scroll labelled USME ENETSUBB
  6550 | D:7      | 6550 ||| DROPPING potion of attraction.
  6551 | D:7      | 6551 ||| DROPPING scroll of blinking.
  6648 | D:8      | Reached ** piety under Okawaru
  6651 | D:8      | 6651 ||| INVOKING Heroism.
  6954 | D:8      | Reached skill level 3 in Armour
  7165 | D:8      | Found a flagged portal.
  7380 | D:8      | 7380 ||| UPGRADING to ring of willpower.
  7474 | D:9      | Noticed Maurice
  7475 | D:9      | 7475 ||| INVOKING Heroism.
  7476 | D:9      | 7476 ||| DRINKING 3 potions of haste.
  7480 | D:9      | Killed Maurice
  7481 | D:9      | Reached skill level 9 in Dodging
  7568 | D:9      | 7568 ||| RETREEEEATING.
  7581 | D:9      | Reached *** piety under Okawaru
  7628 | D:9      | Found a staircase to the Orcish Mines.
  7667 | D:9      | 7667 ||| READING scroll of enchant armour.
  7667 | D:9      | 7667 ||| ENCHANTING +0 helmet.
  7896 | D:9      | Noticed a cyclops
  7897 | D:9      | 7897 ||| INVOKING Heroism.
  7898 | D:9      | 7898 ||| DRINKING 3 potions of haste.
  7906 | D:9      | Killed a cyclops
  7907 | D:9      | Reached skill level 6 in Fighting
  7987 | D:9      | Reached XP level 11. HP: 64/64 MP: 16/16
  8170 | D:9      | 8170 ||| UPGRADING to +0 pair of boots.
  8227 | D:10     | Entered Level 10 of the Dungeon
  8302 | D:10     | Found Daffed's Weapon Shop.
  8306 | D:10     | Found a staircase to the Lair.
  8314 | D:10     | 8314 ||| UPGRADING to ring of poison resistance.
  8326 | D:10     | 8326 ||| RETREEEEATING.
  8335 | D:10     | Noticed a two-headed ogre
  8336 | D:10     | 8336 ||| RETREEEEATING.
  8337 | D:10     | 8337 ||| RETREEEEATING.
  8338 | D:10     | 8338 ||| RETREEEEATING.
  8340 | D:10     | 8340 ||| RETREEEEATING.
  8341 | D:10     | 8341 ||| RETREEEEATING.
  8342 | D:10     | 8342 ||| RETREEEEATING.
  8343 | D:10     | 8343 ||| RETREEEEATING.
  8344 | D:10     | 8344 ||| RETREEEEATING.
  8345 | D:10     | 8345 ||| RETREEEEATING.
  8346 | D:10     | 8346 ||| RETREEEEATING.
  8347 | D:10     | 8347 ||| RETREEEEATING.
  8348 | D:10     | 8348 ||| RETREEEEATING.
  8349 | D:10     | 8349 ||| RETREEEEATING.
  8350 | D:10     | 8350 ||| RETREEEEATING.
  8351 | D:10     | 8351 ||| RETREEEEATING.
  8352 | D:10     | 8352 ||| RETREEEEATING.
  8353 | D:10     | 8353 ||| RETREEEEATING.
  8354 | D:10     | 8354 ||| RETREEEEATING.
  8356 | D:10     | 8356 ||| RETREEEEATING.
  8357 | D:10     | 8357 ||| RETREEEEATING.
  8360 | D:10     | 8360 ||| INVOKING Heroism.
  8361 | D:10     | 8361 ||| DRINKING 2 potions of haste.
  8366 | D:10     | HP: 1/64 [two-headed ogre/+0 giant club (16)]
  8367 | D:10     | 8367 ||| READING 2 scrolls of teleportation.
  8368 | D:10     | Killed a two-headed ogre
  8371 | D:10     | Slain by an orc warrior

Levels and vault maps discovered:
D:1:      minmay_arrival_jagged, layout_basic, hangedman_decor_push,
          minmay_misc_feat_more_columns, nrook_mini_vaults,
          kennysheep_nondescript
D:2:      layout_basic, serial_shops, shop, shop, shop, nicolae_shop_trees,
          shop, uniq_natasha
D:3:      layout_loops_ring, ebering_ghost_reflecting_pool,
          hellmonk_ecumenical_altar_zigzags, minivault_23
D:4:      layout_loops_ring
D:5:      layout_basic, grunt_temple_overflow_holy_war, serial_shops,
          nicolae_shop_tiny_glass, uniq_sigmund, uniq_blork_the_orc
D:6:      layout_basic, kennysheep_opposing_triangles
D:7:      cheibrodos_statue_roulette, layout_basic, minmay_temple_entry_wispy,
          ebering_ghost_inner_flame
D:8:      layout_loops_cross, enter_bailey_8, hangedman_misty_isle
D:9:      layout_loops_ring, minmay_orc_entry_temple_small,
          hangedman_corner_corridor, uniq_maurice
D:10:     layout_cave_pools, mainiacjoe_overflow_swirl, lair_entry_dummy,
          serial_shops, shop, grunt_decor_mini_mirrors
Temple:   mainiacjoe_temple_bowtie_tessellation

Skill      XL: |  1  2  3  4  5  6  7  8  9 10 11 |
---------------+----------------------------------+-----
Ranged Weapons | 6 7 9 11 12 14 15 16 | 16.2
Armour         | 1 2 3 4 |  4.0
Fighting       | 2 3 5 6 |  6.1
Dodging        | 4 6 9 10 | 10.0
Invocations    | 4 |  4.0
Stealth        | |  1.2

Action                     |  1- 3 |  4- 6 |  7- 9 | 10-12 || total
---------------------------+-------+-------+-------+-------++-------
   Fire: Shortbow          |    72 |   201 |       |       ||   273
         Arbalest          |       |     8 |   187 |       ||   195
         Orcbow            |       |       |     8 |   177 ||   185
 Invoke: Heroism           |       |       |     3 |     7 ||    10
    Use: Scroll            |     3 |     8 |     6 |     4 ||    21
         Potion            |       |     4 |     5 |     3 ||    12
 Armour: Leather armour    |    15 |       |       |       ||    15
         Scale mail        |       |    62 |       |       ||    62
         Ring mail         |       |    40 |    97 |    76 ||   213
  Dodge: Dodged            |    24 |    66 |    74 |   112 ||   276

Table legend:
 A = Non-vault XP
 B = Vault XP
 C = Vault XP percentage of total XP
 D = Non-vault monster count
 E = Vault monster count
 F = Vault count percentage of total count
                 A         B        C        D         E       F
            +---------+---------+-------+---------+---------+-------
      Total |    7944 |    4477 |  36.0 |     170 |      27 |  13.7
            +---------+---------+-------+---------+---------+-------
        D:1 |      19 |       0 |   0.0 |      12 |       0 |   0.0
        D:2 |      47 |      36 |  43.4 |      13 |       1 |   7.1
        D:3 |      56 |       0 |   0.0 |      22 |       0 |   0.0
        D:4 |     241 |       0 |   0.0 |      15 |       0 |   0.0
        D:5 |     529 |     314 |  37.2 |      10 |       2 |  16.7
        D:6 |    2048 |      95 |   4.4 |      22 |       4 |  15.4
        D:7 |    1169 |    2508 |  68.2 |      15 |       6 |  28.6
        D:8 |    1193 |     846 |  41.5 |      28 |       6 |  17.6
        D:9 |    1219 |     678 |  35.7 |      23 |       8 |  25.8
       D:10 |    1423 |       0 |   0.0 |      10 |       0 |   0.0
            +---------+---------+-------+---------+---------+-------
